 Dungeon Crawl Stone Soup version 0.28-a0-987-g8383568036 (webtiles) character file.

Game seed: 6694611067891337136

91 Htamos the Ducker (level 4, -2/28 HPs)
             Began as an Octopode Transmuter on Dec 4, 2021.
             Shot with a stone by a goblin (4 damage)
             ... led by Robin
             ... on level 2 of the Dungeon.
             The game lasted 00:05:14 (2768 turns).

Htamos the Ducker (Octopode Transmuter)             Turns: 2768, Time: 00:05:14

Health: -2/28      AC:  2    Str:  9    XL:     4   Next: 57%
Magic:  7/7        EV: 14    Int: 15    God:
Gold:   70         SH:  0    Dex: 14    Spells: 6/7 levels left

rFire   . . .      SeeInvis +     - Unarmed
rCold   . . .      Faith    .   (no shield)
rNeg    . . .      Spirit   .   a - +1 hat {SInv}
rPois   .          Reflect  .   (no amulet)
rElec   .          Harm     .   (no ring)
rCorr   .          Rampage  .   (no ring)
Will    .....                   (no ring)
Stlth   ++........              (no ring)
HPRegen 0.09/turn               (no ring)
MPRegen 0.10/turn               (no ring)
                                (no ring)
                                (no ring)

@: no status effects
A: almost no armour, amphibious, 8 rings, camouflage 1, gelatinous body 1,
(nimble swimmer 1), tentacles
a: no special abilities


You were on level 2 of the Dungeon.
You visited 1 branch of the dungeon, and saw 2 of its levels.

You collected 70 gold pieces.

Inventory:

Armour
 a - a +1 hat of see invisible (worn)
Scrolls
 b - a scroll of teleportation {unknown}
 c - 2 scrolls of identify {unknown}
 d - 2 scrolls of immolation {unknown}


   Skills:
 - Level 1.1 Fighting
 * Level 3.9 Dodging
 - Level 3.0 Unarmed Combat
 - Level 2.0 Spellcasting
 + Level 3.0 Transmutations


You had 6 spell levels left.
You knew the following spells:

 Your Spells              Type           Power      Damage    Failure   Level
a - Beastly Appendage     Tmut           20%        N/A       6%          1

Your spell library contained the following spells:

 Spells                   Type           Power      Damage    Failure   Level
 Wereblood                Tmut           10%        N/A       10%         2
 Spider Form              Tmut/Pois      6%         N/A       34%         3
 Ice Form                 Ice/Tmut       6%         N/A       75%         4


Dungeon Overview and Level Annotations

Branches:
Dungeon (2/15)

Altars:

Shops:
D:1 (

Annotations:
D:2 Robin


Innate Abilities, Weirdness & Mutations

You cannot wear most types of armour.
You are amphibious.
You can wear up to eight rings at the same time.
Your skin changes colour to match your surroundings (Stealth+).
Your rubbery body absorbs attacks. (AC +1, EV +1)
((You are camouflaged near water. (Stealth+)))
You have tentacles for arms and can constrict up to eight enemies at once.


Message History

The goblin misses you. Robin throws the goblin at you!
You tentacle-slap the goblin. Your grab misses the goblin.
The goblin is heavily wounded.
The goblin misses you. The goblin barely misses you.
The goblin closely misses you.
You miss the goblin. Your grab misses the goblin.
The goblin is heavily wounded.
The goblin hits you with a +0 dagger. x2; The goblin barely misses you.
You closely miss the goblin. Your grab misses the goblin.
The goblin is heavily wounded.
The goblin hits you with a +0 dagger. The goblin misses you.
The goblin completely misses you.
You closely miss the goblin. Your grab misses the goblin.
The goblin is heavily wounded.
The goblin hits you with a +0 dagger. x2
* * * LOW HITPOINT WARNING * * *
The goblin hits you with a +0 club.
* * * LOW HITPOINT WARNING * * *
You barely miss the goblin. You grab the goblin.
The goblin is heavily wounded.
You constrict the goblin. The goblin closely misses you.
The goblin hits you with a +0 dagger.
* * * LOW HITPOINT WARNING * * *
The goblin closely misses you.
You aren't carrying any potions.
You tentacle-slap the goblin.
You kill the goblin!
The goblin hits you with a +0 dagger.
* * * LOW HITPOINT WARNING * * *
The goblin hits you with a +0 club.
* * * LOW HITPOINT WARNING * * *
Unknown command.
Things that are here:
a +0 dagger; a goblin corpse The goblin no longer looks unusually strong.
The goblin unwields a +0 dagger.
The goblin wields a +0 hunting sling.
The goblin shoots a stone.
The stone closely misses you.
The goblin shoots a stone.
The stone barely misses you.
The goblin shoots a stone.
The stone hits you.
You die...

######.########..#
#..#..#
#.).........###.###.##
##.........###..#.#..###
#..########...##.##...#
##g#####....###...###..
#g......)......⌠...###
#g#####....###...###..
#.)..)####...##.##...#
#####@...###..#.#..###
####...##.###.##.#
###..#..#..#...
##.##.#.###.# #..#.#.#
#.# ##.#...# #.# #.##.##
#.# #..#.# ##.# ##.#.#
#...


You could see a goblin.

Vanquished Creatures
  3 adders (D:2)
  2 worms (D:2)
  2 dart slugs
  6 bats
  5 endoplasms
  A giant cockroach (D:1)
  10 goblins
  7 hobgoblins
  A quokka (D:1)
  4 ball pythons
  A frilled lizard (D:2)
  8 kobolds
  2 rats
52 creatures vanquished.

Notes
Turn   | Place    | Note
-------+----------+-------------------------------------------
     0 | D:1      | Htamos the Octopode Transmuter began the quest for the Orb.
     0 | D:1      | Reached XP level 1. HP: 13/13 MP: 3/3
   453 | D:1      | Found a faded altar of an unknown god.
   473 | D:1      | Reached XP level 2. HP: 18/18 MP: 0/5
   916 | D:1      | Found Emaweas's Antique Weapon Shoppe.
  1235 | D:1      | Reached XP level 3. HP: 19/23 MP: 6/6
  2068 | D:2      | Identified a scroll of acquirement
  2068 | D:2      | Acquired a +1 hat of see invisible
  2250 | D:2      | Reached XP level 4. HP: 17/28 MP: 7/7
  2599 | D:2      | Noticed Robin
  2768 | D:2      | Shot with a stone by a goblin

Illustrated notes

Levels and vault maps discovered:
D:1:      minmay_arrival_hallway, layout_basic, serial_shops, shop,
          shapermc_ecumenical_altar_mp_vishouse
D:2:      minmay_general_purpose_star, layout_basic, uniq_robin

Skill      XL: |  1  2  3  4 |
---------------+-------------+-----
Dodging        | 3 |  3.9
Transmutations | 3 |  3.0
Fighting       | |  1.1
Unarmed Combat | |  3.0
Spellcasting   | |  2.0

Action                   |  1- 3 |  4- 6 || total
-------------------------+-------+-------++-------
Melee: Unarmed           |    94 |    41 ||   135
       Constrict         |    27 |     8 ||    35
       Kick              |     7 |       ||     7
       Tentacles         |    15 |     8 ||    23
       Punch             |     4 |     1 ||     5
 Cast: Beastly Appendage |    15 |       ||    15
  Use: Potion            |     1 |     1 ||     2
       Scroll            |     1 |       ||     1
 Stab: Sleeping          |     6 |       ||     6
Armor: Skin              |     4 |     6 ||    10
Dodge: Dodged            |    50 |    24 ||    74

Table legend: (Time is in decaauts)
 A = Elapsed time spent in this place.
 B = Non-inter-level travel time spent in this place.
 C = Inter-level travel time spent in this place.
 D = Time resting spent in this place.
 E = Time spent auto-exploring this place.
 F = Levels seen in this place.
 G = Mean time per level.
                   A        B        C        D        E       F      G
               +--------+--------+--------+--------+--------+-----+--------+
         Total |   2760 |   2708 |     52 |    492 |   1760 |   2 | 1380.0 |
       Dungeon |   2760 |   2708 |     52 |    492 |   1760 |   2 | 1380.0 |
               +--------+--------+--------+--------+--------+-----+--------+

Top non-repeatable levels by time:
     D:1: 1472 daAuts
     D:2: 1288 daAuts
